Map: [ESL] Moondance

Players

MaxPax - Winner!

  • Race: Protoss Protoss
  • Spawn Location: 6:00

milkicow

  • Race: Terran Terran
  • Spawn Location: 12:00

Event: DreamHack SC2 Masters 2022 Atlanta (Online)

VOD

Have the link to the VOD?

Description

Time

  • Played on: Oct. 5, 2022, 1:14 p.m.
  • Length: 4:33

All games in this series

Show
View Real Time Build Order
Export as new Build Order

MaxPax Protoss - Winner!

Build Orders: 1 Gate Expand, Phoenix Opening 

Get SALT Encoding   

  12  0:00  Probe  
  13  0:12  Probe  
  14  0:16  Pylon  
  14  0:24  Probe (Chrono Boost)  
  15  0:36  Probe (Chrono Boost)  
  15  0:37  Gateway  
  16  0:44  Probe (Chrono Boost)  
  16  0:46  Assimilator  
  17  0:51  Probe  
  18  1:03  Probe  
  19  1:15  Probe  
  20  1:26  Zealot  
  20  1:32  Cybernetics Core  
  22  1:40  Nexus  
  22  1:46  Pylon  
  22  1:49  Probe  
  22  1:54  Assimilator  
  23  2:04  Probe  
  23  2:05  Stalker (Chrono Boost)  
  26  2:16  Probe  
  27  2:28  Probe  
  27  2:33  Stargate  
  26  2:40  Probe (Chrono Boost), Stalker (Chrono Boost)  
  30  2:52  Probe (Chrono Boost)  
  30  2:55  Probe (Chrono Boost)  
  30  2:57  Probe (Chrono Boost)  
  32  3:02  Shield Battery  
  32  3:04  Probe  
  33  3:07  Probe  
  34  3:16  Stalker  
  34  3:17  Probe  
  34  3:19  Probe  
  36  3:29  Probe  
  36  3:30  Phoenix (Chrono Boost)  
  36  3:31  Probe  
  41  3:41  Probe  
  41  3:43  Probe  
  41  3:48  Pylon  
  42  3:52  Phoenix (Chrono Boost)  
  42  3:53  Probe  
  42  3:55  Probe  
  46  4:02  Robotics Facility  
  46  4:06  Probe  
  46  4:07  Probe  
  48  4:13  Phoenix (Chrono Boost)  
  49  4:18  Probe  
  49  4:19  Probe  
Show
View Real Time Build Order
Export as new Build Order

milkicow Terran 

Build Orders:  

Get SALT Encoding   

  12  0:00  SCV  
  13  0:13  Supply Depot  
  13  0:18  SCV  
  14  0:30  SCV  
  15  0:39  Barracks  
  15  0:42  SCV  
  16  0:46  Refinery  
  16  0:54  SCV  
  16  0:56  Refinery  
  17  1:06  SCV  
  18  1:18  SCV  
  19  1:30  SCV  
  19  1:41  Reaper  
  19  1:43  Orbital Command  
  20  1:48  Supply Depot  
  20  1:50  Factory  
  20  2:08  SCV  
  21  2:13  Reaper  
  22  2:20  SCV  
  23  2:32  SCV  
  23  2:36  Command Center  
  26  2:44  SCV  
  26  2:48  Starport  
  26  2:51  Widow Mine  
  27  2:56  SCV  
  27  2:57  Supply Depot  
  28  3:08  SCV  
  27  3:20  SCV  
  27  3:26  Viking  
  28  3:27  Factory Tech Lab  
  28  3:35  SCV  
  29  3:47  SCV  
  30  3:51  Orbital Command  
  30  3:52  Cyclone  
  33  3:59  SCV  
  34  4:11  SCV  
  35  4:17  Command Center  
  34  4:28  Barracks Reactor  
Tags
 
Add a new tag
Caveats
  • Supply blocks, unpowered buildings, or Contaminate may cause inaccurate times.
  • Supply counts are checked every 10 seconds.